 Dungeon Crawl Stone Soup version 0.31-a0-1589-g8f5e8aebd6 (webtiles) character file.

Game seed: 1642632174493932855

4486 Atlas the Grappler (level 10, -15/92 HPs)
             Began as a Troll Shapeshifter on Jan 5, 2024.
             Was an Initiate of Gozag.
             Demolished by an orc warrior
             ... wielding a +3 halberd of electrocution
              (17 damage)
             ... in a bailey.
             The game lasted 00:06:58 (6411 turns).

Atlas the Grappler (Troll Shapeshifter)             Turns: 6411, Time: 00:06:59

Health: -15/92     AC:  4    Str: 28    XL:     10   Next: 16%
Magic:  0/9        EV: 10    Int:  6    God:    Gozag
Gold:   642        SH:  0    Dex:  9    Spells: 9/9 levels left

rFire   . .          .
                       - Unarmed
rCold   . . .        (no shield)
rNeg    . . .        a - +0 animal skin
rPois   .            (helmet currently unavailable)
rElec   .            (cloak currently unavailable)
rCorr   .            (gloves unavailable)
SInv    .            (boots unavailable)
Will    .....        l - amulet of guardian spirit
Stlth   +            (no ring)
HPRegen 1.15/turn    (no ring)
MPRegen 0.11/turn

%: guardian spirit
@: beast-form
A: beast (slay +4), large, unfitting armour, claws 3, regeneration 1, shaggy fur
1, tough skin 1
a: Begin Untransformation, Renounce Religion, Potion Petition, Call Merchant,
Bribe Branch


You were in a bailey.
You worshipped Gozag.
Gozag was pleased with you.
You were a hulking beast.
You visited 2 branches of the dungeon, and saw 9 of its levels.
You also visited: Bailey.

You collected 750 gold pieces.
You paid 108 gold pieces to Gozag.

Inventory:

Missiles
 f - 16 poisoned darts
 w - a throwing net
Armour
 a - a +0 animal skin (worn)
Jewellery
 l - an amulet of guardian spirit (around neck)
 n - an amulet of magic regeneration
Talismans
 c - a beast talisman
 d - a flux talisman
 r - a granite talisman
 u - a beast talisman
Wands
 i - a wand of digging (7)
 s - a wand of paralysis (19)
 t - a wand of mindburst (12)
 A - a wand of roots (2)
 G - a wand of polymorph (6)
Scrolls
 e - 2 scrolls of immolation {unknown}
 g - a scroll of identify {unknown}
 j - a scroll of silence
 k - 2 scrolls of revelation {unknown}
 o - 3 scrolls of teleportation
 x - a scroll of blinking {unknown}
 y - a scroll of fog {unknown}
 B - 3 scrolls of vulnerability {unknown}
 C - 3 scrolls of summoning
 F - a scroll of enchant armour {unknown}
Potions
 b - a potion of lignification
 h - a potion of attraction {unknown}
 m - a potion of curing
 p - 2 potions of enlightenment {unknown}
 q - 4 potions of might {unknown}
 v - 2 potions of degeneration {unknown}
 z - a potion of resistance {unknown}
 D - a potion of magic {unknown}
 E - a potion of invisibility {unknown}
 H - a potion of heal wounds


   Skills:
 + Level 3.9 Fighting
 + Level 4.9 Dodging
 - Level 1.0 Stealth
 + Level 10.8 Unarmed Combat
 * Level 7.4 Shapeshifting


You had 9 spell levels left.
You didn't know any spells.
Your spell library contained the following spells:

 Spells                   Type           Power      Damage    Failure   Level
 Freeze                   Ice            0%         1d3       45%         1
 Cigotuvi's Dreadful Rot  Necr/Alch/Air  0%         N/A       58%         2
 Call Canine Familiar     Summ           0%         N/A       83%         3
 Frozen Ramparts          Ice            0%         1d1       83%         3
 Hailstorm                Conj/Ice       0%         3d5       83%         3
 Sigil of Binding         Hex            0%         N/A       83%         3
 Dimensional Bullseye     Hex/Tloc       0%         N/A       99%         4
 Dispel Undead            Necr           0%         3d6       99%         4
 Martyr's Knell           Necr/Summ      0%         N/A       99%         4
 Death Channel            Necr           0%         N/A       100%        6
 Haunt                    Necr/Summ      0%         N/A       100%        7
 Infestation              Necr           0%         N/A       100%        8
 Animate Dead             Necr           Unusable   N/A       N/A         4

Dungeon Overview and Level Annotations

Branches:
Dungeon (8/15)             Temple (1/1) D:6            Lair (0/5) D:8
 Bailey (1/1)

Altars:
Ashenzari
Cheibriados
Dithmenos
Elyvilon
Fedhas
Gozag
Kikubaaqudgha
Makhleb
Nemelex Xobeh
Okawaru
Qazlal
Ru
Sif Muna
Trog
Uskayaw
Vehumet
Wu Jian
Xom
Yredelemnul
Zin
The Shining One


Innate Abilities, Weirdness & Mutations

You are a hulking beast.
Your limbs bulge with bestial killing power. (Slay +4)
You are too large for most types of armour.
You have claws for hands.
Your natural rate of healing is unusually fast.
You are covered in fur. (AC +1)
You have tough skin. (AC +1)


Message History

You are too injured to fight recklessly!
You are too injured to fight recklessly!
You barely miss the orc. The orc warrior closely misses you.
You claw the orc!
You kill the orc!
Aiming: Fastroot
Press: ? - help, Shift-Dir - straight line, f - orc warrior
Aim: an orc warrior, wielding a +3 halberd of electrocution and wearing a +0 plate armour (lightly wounded)
The roots erupt in riotous growth!
Roots grab the orc warrior.
Roots grab the orc. x2
The grasping roots constrict the orc. x2
The grasping roots constrict the orc warrior.
The orc warrior hits you from afar with a +3 halberd of electrocution!
* * * LOW HITPOINT WARNING * * *
Unknown command.
Aiming: Mindburst
Press: ? - help, Shift-Dir - straight line, f/p - orc warrior
Aim: an orc warrior, wielding a +3 halberd of electrocution and wearing a +0 plate armour (moderately wounded, constricted by roots, chance to affect: 64%)
The orc warrior struggles to resist.
The grasping roots constrict the orc. x2
The grasping roots constrict the orc warrior.
The roots release their grip on the orc.
The roots release their grip on the orc warrior.
The orc warrior hits you from afar with a +3 halberd of electrocution!
* * * LOW HITPOINT WARNING * * *
The orc is distracted by your dazzling golden aura.
The orc shouts!
Unknown command.
The grasping roots constrict the orc.
The roots release their grip on the orc.
There is an open door, spattered with blood here.
You see here a +0 halberd of electrocution.
You feel much better.
The orc warrior hits you from afar with a +3 halberd of electrocution!!
* * * LOW HITPOINT WARNING * * *
The orc completely misses you.
The orc warrior hits you with a +3 halberd of electrocution!
* * * LOW HITPOINT WARNING * * *
You are electrocuted!
You die...
Your body crumbles into a pile of gold.

.# #. #g#.###)###.#
#'##'##+###'##'##'##
#!.!.! ##.....##
##.!.!. #.....###
.'!.⌠.! +..⌠..')#
#.!.!o #.....###
#!.!.o## ##.....##
#o###'##'##'##
##h))###.###.# #####
### ###


You could see an orc warrior and 2 orcs.

Vanquished Creatures
  Pikel (D:5)
  Sigmund (D:5)
  A wyvern (D:5)
  6 yaks (D:8)
  A water moccasin (D:8)
  Pargi (D:3)
  3 black bears
  5 ice beasts
  2 ogres (D:4)
  A centaur (D:7)
  A lemure (D:5)
  4 phantoms
  6 wights
  4 killer bees (D:7)
  A howler monkey (D:6)
  5 bombardier beetles
  A crimson imp (D:4)
  7 hounds
  3 jellies
  A sleepcap (D:6)
  A gnoll bouda (D:6)
  2 iguanas
  An orc wizard (D:5)
  5 adders
  15 gnolls
  2 shadow imps
  A white imp (D:5)
  2 dart slugs
  2 ribbon worms (D:2)
  9 orcs
  10 ball pythons
  4 endoplasms
  4 giant cockroaches
  2 goblins
  8 hobgoblins
  3 quokkas
  7 bats
  4 frilled lizards
  A goblin skeleton (D:4)
  A goblin zombie (D:4)
  2 hobgoblin zombies (D:4)
  7 kobolds
  A kobold zombie (D:4)
  5 rats (D:1)
154 creatures vanquished.

Notes
Turn   | Place    | Note
-------+----------+-------------------------------------------
     0 | D:1      | Atlas the Troll Shapeshifter began the quest for the Orb.
     0 | D:1      | Reached XP level 1. HP: 18/18 MP: 0/0
   232 | D:1      | Reached XP level 2. HP: 26/26 MP: 1/1
   863 | D:2      | Reached XP level 3. HP: 17/32 MP: 2/2
  1446 | D:3      | Noticed Pargi
  1481 | D:3      | Killed Pargi
  1482 | D:3      | Reached skill level 1 in Fighting
  1482 | D:3      | Reached skill level 4 in Unarmed Combat
  1482 | D:3      | Reached XP level 4. HP: 34/41 MP: 1/3
  1482 | D:3      | Reached XP level 5. HP: 40/48 MP: 1/4
  1594 | D:3      | Found a basalt altar of Yredelemnul.
  1985 | D:3      | Found a white marble altar of Elyvilon.
  2140 | D:3      | Noticed a phantom
  2146 | D:3      | Killed a phantom
  2147 | D:3      | Reached skill level 5 in Unarmed Combat
  2380 | D:4      | Found a shadowy altar of Dithmenos.
  2415 | D:4      | Reached XP level 6. HP: 55/55 MP: 5/5
  2633 | D:4      | Found a glowing golden altar of the Shining One.
  2639 | D:4      | Reached skill level 1 in Stealth
  2639 | D:4      | Reached XP level 7. HP: 62/63 MP: 6/6
  2683 | D:4      | Reached skill level 6 in Unarmed Combat
  3093 | D:5      | Entered Level 5 of the Dungeon
  3133 | D:5      | Noticed a wyvern
  3139 | D:5      | Killed a wyvern
  3140 | D:5      | Reached skill level 7 in Unarmed Combat
  3140 | D:5      | Reached skill level 5 in Shapeshifting
  3140 | D:5      | Reached XP level 8. HP: 30/72 MP: 2/7
  3453 | D:5      | Noticed Pikel
  3459 | D:5      | Noticed Sigmund
  3471 | D:5      | Killed Pikel
  3472 | D:5      | Reached skill level 8 in Unarmed Combat
  3500 | D:5      | Killed Sigmund
  3501 | D:5      | Reached XP level 9. HP: 80/80 MP: 8/8
  3544 | D:5      | Reached skill level 9 in Unarmed Combat
  3737 | D:6      | Found a blossoming altar of Fedhas.
  3957 | D:6      | Found a glowing silver altar of Zin.
  3999 | D:6      | Found a staircase to the Ecumenical Temple.
  4080 | Temple   | Entered the Ecumenical Temple
  4099 | Temple   | Became a worshipper of Gozag Ym Sagoz the Greedy
  5159 | D:7      | HP: 2/73 [burnt (3)]
  5327 | D:7      | Reached skill level 10 in Unarmed Combat
  5440 | D:7      | Found a burning altar of Makhleb.
  5963 | D:8      | Reached XP level 10. HP: 72/92 MP: 6/9
  6044 | D:8      | Found a staircase to the Lair.
  6120 | D:8      | Found a flagged portal.
  6140 | Bailey   | Entered a bailey
  6411 | Bailey   | HP: 2/92 [orc warrior/+3 halberd of electrocution (12)]
  6411 | Bailey   | Demolished by an orc warrior

Illustrated notes

Levels and vault maps discovered:
D:1:      lightli_arrival_noodles, layout_basic
D:2:      layout_basic
D:3:      layout_basic, kennysheep_ying_yang, uniq_pargi
D:4:      layout_loops_cross, mainiacjoe_overflow_concentric_impassable,
          nicolae_tso_besieged_by_evil, serial_park_tiny_1,
          grunt_decor_fettered, minmay_statues_item, grunt_ministairs_2,
          st_stairs_5, minmay_circle_x
D:5:      layout_rooms, st_stairs_4, minmay_crystal_water, uniq_sigmund,
          uniq_pikel
D:6:      layout_layer_cave, nicolae_overflow_hidden_temple,
          minmay_temple_entry_antechambers, dreamdust_princess_bridge
D:7:      layout_basic, mainiacjoe_overflow_catwalk
D:8:      layout_loops_ring, lair_entry_dummy, enter_bailey_6
Temple:   nicolae_temple_great_sept
Bailey:   bailey_polearm_nasty_gnolls, bailey

Skill      XL: |  1  2  3  4  5  6  7  8  9 |
---------------+----------------------------+-----
Fighting       | 1 2 3 |  3.9
Dodging        | 2 3 4 |  4.9
Unarmed Combat | 4 5 7 8 10 | 10.8
Shapeshifting  | 4 5 6 7 |  7.4
Stealth        | 1 |  1.0

Action                     |  1- 3 |  4- 6 |  7- 9 | 10-12 || total
---------------------------+-------+-------+-------+-------++-------
  Melee: Unarmed           |    90 |    39 |   221 |    43 ||   393
         Punch             |     4 |     2 |     6 |     1 ||    13
  Evoke: Wand              |       |       |     1 |     3 ||     4
    Use: Potion            |     1 |       |     6 |     1 ||     8
         Scroll            |       |       |     4 |       ||     4
   Stab: Sleeping          |     1 |     1 |       |     2 ||     4
 Armour: Animal skin       |    56 |    22 |   201 |    29 ||   308
         Skin              |    34 |     1 |       |       ||    35
  Dodge: Dodged            |    39 |    17 |   109 |    27 ||   192

Table legend: (Time is in decaauts)
 A = Elapsed time spent in this place.
 B = Non-inter-level travel time spent in this place.
 C = Inter-level travel time spent in this place.
 D = Time resting spent in this place.
 E = Time spent auto-exploring this place.
 F = Levels seen in this place.
 G = Mean time per level.
                   A        B        C        D        E       F      G
               +--------+--------+--------+--------+--------+-----+--------+
         Total |   6362 |   6089 |    273 |    203 |   4792 |  10 |  636.2 |
       Dungeon |   6068 |   5823 |    245 |    203 |   4601 |   8 |  758.5 |
        Temple |     29 |      1 |     28 |      0 |      0 |   1 |   29.0 |
        Bailey |    264 |    264 |      0 |      0 |    191 |   1 |  264.0 |
               +--------+--------+--------+--------+--------+-----+--------+

Top non-repeatable levels by time:
     D:6: 1257 daAuts
     D:3: 1013 daAuts
     D:7: 832 daAuts
     D:1: 823 daAuts
     D:4: 669 daAuts
     D:5: 573 daAuts
     D:2: 571 daAuts
     D:8: 326 daAuts
  Bailey: 264 daAuts
  Temple: 29 daAuts
